cohdb
Replays
Latest Replays
All Replays
Popular Replays
Top Player Replays
Match Explorer
How It Works
Community
CoH3 Stats
Reddit
Sign in to upload your games and track your stats! →
Sign in with Steam
Match 40070208
Unlisted
Match 40070208
Overview
Messages
Build Orders
End
Engineer Squad
Construct Barracks
Selects Advanced Infantry Battlegroup
Riflemen Squad
M1 Mortar Team
Riflemen Squad
Riflemen Squad
Selects Convert to Ranger Squad
Convert to Ranger Squad
Selects Ammunition Storage
Mechanized Support Center
Riflemen Squad
Convert to Ranger Squad
Designate Forward Repair Station
Construct Tank Depot
Selects Designate Assault Position
Selects Ranger Weapon Training
M4A1 Sherman Medium Tank
M4A1 76mm Conversion
Construct Weapon Support Center
Improved M9 Bazooka Rockets
M4A1(76) Sherman Medium Tank
Selects M2A1 105mm Howitzer Emplacement
Selects 155mm Rapid Artillery Barrage
Engineer Squad
krashbandicoot
Tanith's Finest
Dark Lord Cthulhu
gabriel099
0
0
Comments
sign in to comment!
No comments posted yet!